 Dungeon Crawl Stone Soup version 0.31-a0-596-g831eee08f1 (webtiles) character file.

Game seed: 10274022643313174417

111 thirtiethelement the Trooper (level 4, -9/37 HPs)
             Began as a Demonspawn Cinder Acolyte on Aug 21, 2023.
             Was a High Priest of Ignis.
             Mangled by an iguana (13 damage)
             ... on level 3 of the Dungeon.
             The game lasted 00:03:53 (1999 turns).

thirtiethelement the Trooper (DsCA)                 Turns: 1999, Time: 00:03:54

Health: -9/37      AC:  5    Str: 23    XL:     4   Next: 62%
Magic:  4/6        EV: 11    Int: 15    God:    Ignis [*****.]
Gold:   87         SH:  3    Dex:  8    Spells: 3/5 levels left

rFire   + . .        a - -1 hand axe (flame)
rCold   + . .        i - +0 buckler
rNeg    . . .        k - +0 leather armour
rPois   .            j - +0 helmet
rElec   .            h - +0 cloak
rCorr   .            (no gloves)
SInv    .            (no boots)
Will    .....        (no amulet)
Stlth   +            c - ring of protection from cold
HPRegen 0.26/turn    o - +6 ring of strength
MPRegen 0.10/turn

%: no passive effects
@: no status effects
A: powered by death 1, weakness stinger 1
a: Renounce Religion, Fiery Armour, Foxfire Swarm, Rising Flame


You were on level 3 of the Dungeon.
You worshipped Ignis.
Ignis was extremely pleased with you.
You visited 1 branch of the dungeon, and saw 3 of its levels.

You collected 87 gold pieces.

Inventory:

Hand Weapons
 a - a -1 hand axe of flaming (weapon)
Armour
 h - a +0 cloak (worn)
 i - a +0 buckler (worn)
 j - a +0 helmet (worn)
 k - a +0 leather armour (worn)
Jewellery
 c - a ring of protection from cold (left hand)
 o - a +6 ring of strength (right hand)
Scrolls
 f - a scroll of identify {unknown}
 l - 3 scrolls of immolation {unknown}
 m - a scroll of fog {unknown}
 n - a scroll of teleportation {unknown}
Potions
 b - a potion of curing {unknown}
 d - a potion of mutation {unknown}
 e - a potion of degeneration {unknown}
 g - a potion of invisibility {unknown}
 p - a potion of attraction {unknown}


   Skills:
 + Level 3.7 Fighting
 + Level 3.5 Axes
 + Level 0.5 Armour
 + Level 1.0 Dodging
 + Level 0.3 Stealth
 + Level 1.4 Spellcasting
 + Level 3.2 Fire Magic


You had 3 spell levels left.
You knew the following spells:

 Your Spells              Type           Power      Damage    Failure   Level
a - Scorch                Fire           20%        2d5       14%         2

Your spell library contained the following spells:

 Spells                   Type           Power      Damage    Failure   Level
 Necrotise                Necr           4%         1d4       34%         1
 Blink                    Tloc           2%         N/A       45%         2
 Lesser Beckoning         Tloc           2%         N/A       45%         2
 Momentum Strike          Conj/Tloc      2%         3d8       45%         2
 Portal Projectile        Hex/Tloc       2%         N/A       71%         3
 Tukima's Dance           Hex            1%         N/A       71%         3
 Vampiric Draining        Necr           1%         2d6       71%         3
 Iskenderun's Mystic Bla  Conj/Tloc      1%         2d3       98%         4
 Agony                    Necr           1%         N/A       100%        5


Dungeon Overview and Level Annotations

Branches:
Dungeon (3/15)

Altars:

Shops:
D:3 (


Innate Abilities, Weirdness & Mutations

You regenerate a little health from kills.
You have a small tail.


Message History

Done exploring.
What level of the Dungeon? (default 2, ? - help)
There is a stone staircase leading down here.
You climb downwards.
There is a stone staircase leading up here.
A quokka is nearby!
The quokka bites you but does no damage.
You barely miss the quokka. The quokka bites you.
You closely miss the quokka.
The quokka bites you but does no damage. x2
You hit the quokka. You burn the quokka.
Your tail-slap misses the quokka.
The quokka is severely wounded.
The quokka bites you.
You slash the quokka! You burn the quokka.
You kill the quokka!
No target in view!
HP restored.
You see here a quokka corpse.
Found a stone staircase leading down.
Found a chain mail.
Found Adworiri's Antique Weapon Emporium.
An iguana comes into view.
The iguana hisses angrily.
There is an entrance to Adworiri's Antique Weapon Emporium here.
You hit the iguana. You burn the iguana.
The iguana is moderately wounded.
The iguana bites you!
You hit the iguana. You burn the iguana.
The iguana is severely wounded.
The iguana bites you!
You hit the iguana. You burn the iguana.
The iguana is almost dead.
The iguana bites you!
* * * LOW HITPOINT WARNING * * *
The iguana closely misses you.
Casting: Scorch (safe; 14% risk of failure)
Confirm with . or Enter, or press ? or * to list all spells.
Flames lash the iguana but do no damage.
The iguana bites you!
You die...

#...#.##..#..#.......#
#...#.....#####.....##
#.........### #######
#......>.....
##........###
#........###
#...........
####.........
#...l@..[....
#.......##...
#.......# ...
#......... ..
#..........
####.........
.......... ...####...


You could see an iguana.

Vanquished Creatures
  Jessica (D:2)
  3 gnolls (D:2)
  An adder (D:2)
  2 dart slugs
  A ball python (D:1)
  7 bats
  3 endoplasms
  2 giant cockroaches (D:2)
  6 goblins
  4 hobgoblins (D:1)
  2 jackals (D:1)
  2 quokkas
  2 frilled lizards (D:1)
  5 kobolds
  A rat (D:1)
42 creatures vanquished.

Vanquished Creatures (others)
  20 foxfires (D:2)
20 creatures vanquished.

Grand Total: 62 creatures vanquished

Notes
Turn   | Place    | Note
-------+----------+-------------------------------------------
     0 | D:1      | thirtiethelement the Demonspawn Cinder Acolyte began the
                  | quest for the Orb.
     0 | D:1      | Reached XP level 1. HP: 18/18 MP: 2/2
   186 | D:1      | Gained mutation: You have a small tail. [demonic ancestry]
   186 | D:1      | Reached XP level 2. HP: 19/24 MP: 3/3
   297 | D:1      | Learned a level 2 spell: Scorch
   891 | D:1      | Reached XP level 3. HP: 29/29 MP: 1/4
  1084 | D:1      | You fall into a shaft and drop 1 floor!
  1472 | D:2      | Gained mutation: You regenerate a little health from kills.
                  | [demonic ancestry]
  1472 | D:2      | Reached XP level 4. HP: 7/35 MP: 1/5
  1784 | D:2      | Noticed Jessica
  1793 | D:2      | Killed Jessica
  1794 | D:2      | Reached skill level 1 in Dodging
  1988 | D:3      | Found Adworiri's Antique Weapon Emporium.
  1999 | D:3      | Mangled by an iguana

Illustrated notes

Levels and vault maps discovered:
D:1:      tarquinn_simple_flora_water_a, layout_basic
D:2:      layout_rooms, uniq_jessica
D:3:      kennysheep_big_flooded_room, layout_basic,
          chequers_ecumenical_altar_grove, serial_shops, shop,
          grunt_ministairs_9, kennysheep_nondescript, uniq_terence

Skill      XL: |  1  2  3  4 |
---------------+-------------+-----
Axes           | 3 |  3.5
Fire Magic     | 3 |  3.2
Dodging        | 1 |  1.0
Fighting       | |  3.7
Armour         | |  0.5
Stealth        | |  0.3
Spellcasting   | |  1.4

Action                     |  1- 3 |  4- 6 || total
---------------------------+-------+-------++-------
  Melee: Hand axe          |   106 |    16 ||   122
         Tailslap          |     6 |     1 ||     7
   Cast: Scorch            |     8 |     3 ||    11
 Invoke: Foxfire Swarm     |     1 |       ||     1
 Armour: Robe              |    29 |       ||    29
         Leather armour    |     1 |    13 ||    14
  Dodge: Dodged            |    66 |     9 ||    75
  Block: Buckler           |     2 |     1 ||     3

Table legend: (Time is in decaauts)
 A = Elapsed time spent in this place.
 B = Non-inter-level travel time spent in this place.
 C = Inter-level travel time spent in this place.
 D = Time resting spent in this place.
 E = Time spent auto-exploring this place.
 F = Levels seen in this place.
 G = Mean time per level.
                   A        B        C        D        E       F      G
               +--------+--------+--------+--------+--------+-----+--------+
         Total |   2018 |   1965 |     53 |     97 |   1497 |   3 |  672.7 |
       Dungeon |   2018 |   1965 |     53 |     97 |   1497 |   3 |  672.7 |
               +--------+--------+--------+--------+--------+-----+--------+

Top non-repeatable levels by time:
     D:1: 1355 daAuts
     D:2: 623 daAuts
     D:3: 38 daAuts
